 Dungeon Crawl Stone Soup version 0.31-a0-977-gc230f8ef24 (webtiles) character file.

Game seed: 8798512140775392570

531 Fodor the Chopper (level 7, -3/61 HPs)
             Began as a Minotaur Fighter on Oct 29, 2023.
             Slain by a gnoll sergeant
             ... wielding a +2 spear of venom
              (11 damage)
             ... on level 5 of the Dungeon on Oct 30, 2023.
             The game lasted 00:18:16 (3445 turns).

Fodor the Chopper (Minotaur Fighter)                Turns: 3445, Time: 00:18:17

Health: -3/61      AC:  9    Str: 23    XL:     7   Next: 3%
Magic:  6/6        EV:  8    Int:  5    God:
Gold:   169        SH:  5    Dex: 15    Spells: 6/6 levels left

rFire   . . .        a - +0 war axe
rCold   . . .        c - +0 buckler
rNeg    . . .        t - +0 chain mail
rPois   .            (helmet currently unavailable)
rElec   .            s - melded +0 cloak
rCorr   +            (gloves currently unavailable)
SInv    .            (boots currently unavailable)
Will    .....        (no amulet) Stlth
                     l - ring of resist corrosion
HPRegen 0.30/turn    r - +6 ring of dexterity
MPRegen 0.10/turn

%: no passive effects
@: lethally poisoned (-3 -> -15), beast-form
A: beast (slay +0), horns 2, retaliatory headbutt
a: Begin Untransformation


You were on level 5 of the Dungeon.
You were a hulking beast.
You visited 1 branch of the dungeon, and saw 5 of its levels.

You collected 169 gold pieces.

Inventory:

Hand Weapons
 a - a +0 war axe (weapon)
Missiles
 h - 24 poisoned darts
 p - 4 boomerangs (quivered)
Armour
 c - a +0 buckler (worn)
 s - a +0 cloak (melded)
 t - a +0 chain mail (worn)
Jewellery
 j - a ring of wizardry
 l - a ring of resist corrosion (left hand)
 r - a +6 ring of dexterity (right hand)
 w - a ring of willpower
Talismans
 q - a beast talisman (active)
Scrolls
 b - a scroll of fear {unknown}
 e - a scroll of blinking {unknown}
 f - 2 scrolls of teleportation {unknown}
 g - 9 scrolls of identify {unknown}
 u - a scroll of immolation {unknown}
 v - a scroll of silence {unknown}
 x - 2 scrolls of noise {unknown}
Potions
 d - 2 potions of might
 i - 2 potions of curing {unknown}
 k - a potion of attraction {unknown}
 m - a potion of ambrosia {unknown}
 n - 3 potions of enlightenment {unknown}
 o - a potion of lignification {unknown}


   Skills:
 + Level 5.2 Fighting
 + Level 6.0 Axes
 + Level 5.3 Armour
 + Level 1.1 Dodging
 + Level 0.3 Stealth
 + Level 4.8 Shields
 + Level 0.8 Shapeshifting


You had 6 spell levels left.
You didn't know any spells.
Your spell library contained the following spells:

 Spells                   Type           Power      Damage    Failure   Level
 Tukima's Dance           Hex            0%         N/A       100%        3
 Passage of Golubria      Tloc           0%         N/A       100%        4
 Yara's Violent Unravell  Hex/Tmut       0%         3d3       100%        5


Dungeon Overview and Level Annotations

Branches:
Dungeon (5/15)
 Temple: D:4-7

Altars:
Cheibriados
Qazlal
Trog
Uskayaw

Shops:
D:4 :

Annotations:
D:4 3 runed translucent doors, Gormless's ghost, amateur OpWn


Innate Abilities, Weirdness & Mutations

You are a hulking beast.
Your limbs bulge with bestial killing power. (Slay +0)
You have a pair of horns on your head.
You reflexively headbutt those who attack you in melee.


Message History

A gnoll comes into view. It is wielding a +0 flail.
The gnoll sergeant hits you from afar with a +2 spear of venom.
You are poisoned.
The gnoll hits you but does no damage. You block the gnoll sergeant's attack.
The gnoll barely misses you.
Your Axes skill increases to level 6!
You have reached level 7!
You closely miss the gnoll.
The gnoll shouts!
Your headbutt misses the gnoll.
The gnoll is severely wounded.
You feel sick.
The gnoll sergeant hits you from afar with a +2 spear of venom!
The gnoll hits you with a +0 spear.
You barely miss the gnoll. Your headbutt misses the gnoll.
The gnoll is severely wounded.
You feel sick. The gnoll hits you but does no damage.
The gnoll sergeant hits you but does no damage.
You are more poisoned.
You slash the gnoll!
You kill the gnoll!
You feel very sick.
The gnoll sergeant hits you from afar with a +2 spear of venom!
You are more poisoned.
An iguana comes into view.
You feel very sick.
The iguana hisses angrily.
The gnoll sergeant barely misses you. You furiously retaliate!
You headbutt the gnoll sergeant.
Things that are here:
a +0 spear; a throwing net; a gnoll corpse You barely miss the gnoll sergeant.
The gnoll sergeant is heavily wounded.
You barely miss the gnoll.
* * * LOW HITPOINT WARNING * * *
You feel very sick. You block the gnoll sergeant's attack.
The gnoll hits you with a +0 flail!
* * * LOW HITPOINT WARNING * * *
The gnoll sergeant hits you with a +2 spear of venom!
You die...

.....#
#..#............#
.....#
#..#...##.........
##'###
#..#...##..#######
##.######
#..#...##..#
..........
#..#...##..#
.......###
#..........#
.........#
#..#...##.
#.##...#.#
#g.#...##. #.#
#..# . +hg.l.....
... ....
#).#.#.##. ....
.... #))#....
#.##. .. #..# #.#
... .. #... ...
..... ... ##....
.# #.##.# #. .#


You could see a gnoll sergeant, an iguana and a gnoll.

Vanquished Creatures
  2 black bears (D:5)
  A scorpion (D:5)
  A hound (D:4)
  A sleepcap (D:5)
  An orc wizard (D:3)
  8 gnolls
  2 adders (D:4)
  A worm (D:5)
  2 dart slugs
  14 orcs
  8 ball pythons
  6 bats
  2 endoplasms
  3 giant cockroaches
  9 goblins
  10 hobgoblins
  4 jackals (D:2)
  5 quokkas
  6 frilled lizards
  11 kobolds
  3 rats
100 creatures vanquished.

Notes
Turn   | Place    | Note
-------+----------+-------------------------------------------
     0 | D:1      | Fodor the Minotaur Fighter began the quest for the Orb.
     0 | D:1      | Reached XP level 1. HP: 19/19 MP: 0/0
   455 | D:1      | Reached XP level 2. HP: 18/27 MP: 1/1
   828 | D:2      | Reached XP level 3. HP: 33/33 MP: 2/2
  1071 | D:2      | Reached skill level 3 in Axes
  1484 | D:3      | Reached XP level 4. HP: 10/41 MP: 3/3
  2204 | D:3      | Found a faded altar of an unknown god.
  2261 | D:3      | Found a stormy altar of Qazlal.
  2633 | D:4      | Found a snail-covered altar of Cheibriados.
  2747 | D:4      | Found a hide-covered altar of Uskayaw.
  2747 | D:4      | Found a bloodstained altar of Trog.
  2791 | D:4      | Reached XP level 5. HP: 47/47 MP: 4/4
  2826 | D:4      | Reached skill level 4 in Axes
  2874 | D:4      | Found Ucom's Vocational Training.
  2909 | D:4      | Reached skill level 5 in Fighting
  2981 | D:4      | Found a runed translucent gate.
  2982 | D:4      | Found a runed translucent gate.
  2983 | D:4      | Found a runed translucent gate.
  2986 | D:4      | Noticed Gormless's ghost (amateur OpWn)
  3098 | D:5      | Entered Level 5 of the Dungeon
  3106 | D:5      | Noticed a black bear
  3110 | D:5      | Killed a black bear
  3111 | D:5      | Reached skill level 5 in Armour
  3111 | D:5      | Reached XP level 6. HP: 48/56 MP: 5/5
  3207 | D:5      | Reached skill level 5 in Axes
  3272 | D:5      | Reached skill level 1 in Dodging
  3441 | D:5      | Reached skill level 6 in Axes
  3441 | D:5      | Reached XP level 7. HP: 53/61 MP: 6/6
  3445 | D:5      | Slain by a gnoll sergeant

Illustrated notes

Levels and vault maps discovered:
D:1:      saegor_arrival_simple_e, layout_basic
D:2:      layout_basic, minivault_24
D:3:      layout_basic, mainiacjoe_overflow_catwalk, basic_ecumenical_altar
D:4:      layout_cave_pools, lemuel_doored_altar,
          nicolae_overflow_two_pavilions, gammafunk_ghost_nasty_kobolds,
          nicolae_shop_vocational
D:5:      layout_basic, dk_yredelemnul_ordeal, minmay_temple_entry_junction,
          minivault_1

Skill      XL: |  1  2  3  4  5  6 |
---------------+-------------------+-----
Shields        | 4 |  4.8
Armour         | 4 5 |  5.3
Axes           | 3 4 6 |  6.0
Fighting       | 4 5 |  5.2
Dodging        | 1 |  1.1
Stealth        | |  0.3
Shapeshifting  | |  0.8

Action                     |  1- 3 |  4- 6 |  7- 9 || total
---------------------------+-------+-------+-------++-------
  Melee: War axe           |    94 |   120 |     4 ||   218
         Headbutt          |     9 |    17 |       ||    26
 Armour: Scale mail        |    84 |     3 |       ||    87
         Chain mail        |       |    99 |     7 ||   106
  Dodge: Dodged            |    42 |    65 |     1 ||   108
  Block: Buckler           |    23 |    37 |     1 ||    61
   Form: Beast             |     2 |       |       ||     2
                           |     1 |       |       ||     1

Table legend: (Time is in decaauts)
 A = Elapsed time spent in this place.
 B = Non-inter-level travel time spent in this place.
 C = Inter-level travel time spent in this place.
 D = Time resting spent in this place.
 E = Time spent auto-exploring this place.
 F = Levels seen in this place.
 G = Mean time per level.
                   A        B        C        D        E       F      G
               +--------+--------+--------+--------+--------+-----+--------+
         Total |   3519 |   3325 |    194 |    116 |      0 |   5 |  703.8 |
       Dungeon |   3519 |   3325 |    194 |    116 |      0 |   5 |  703.8 |
               +--------+--------+--------+--------+--------+-----+--------+

Top non-repeatable levels by time:
     D:3: 1137 daAuts
     D:1: 831 daAuts
     D:2: 624 daAuts
     D:4: 567 daAuts
     D:5: 358 daAuts
